 Dungeon Crawl Stone Soup version 0.23.2-1-ga50397a (webtiles) character file.

Game seed: 346443746433432171

17 Iscandelvey the Vexing (level 2, 21/21 HPs)
             Began as a Demonspawn Arcane Marksman on Apr 30, 2019.
             Quit the game on level 1 of the Dungeon.
             The game lasted 00:00:19 (205 turns).

Iscandelvey the Vexing (Demonspawn Arcane Marksman)  Turns: 205, Time: 00:00:20

Health: 21/21      AC:  2    Str: 10    XL:     2   Next: 44%
Magic:  3/3        EV: 12    Int: 14    God:
Gold:   18         SH:  0    Dex: 11    Spells: 2/3 levels left

rFire    . . .     SeeInvis .   a - +0 hand crossbow
rCold    . . .     Gourm    .   (no shield)
rNeg     . . .     Faith    .   e - +0 robe
rPois    .         Spirit   .   (no helmet)
rElec    .         Reflect  .   (no cloak)
rCorr    .         Harm     .   (no gloves)
MR       .....                  (no boots)
Stlth    +.........             (no amulet)
HPRegen  0.07/turn              b - -2 ring of dexterity (curse)
MPRegen  0.08/turn              (no ring)

@: no status effects
A: sanguine armour 1
a: no special abilities


You were on level 1 of the Dungeon.
You were not hungry.

You visited 1 branch of the dungeon, and saw 1 of its levels.

You collected 18 gold pieces.

Inventory:

Hand Weapons
 a - a +0 hand crossbow (weapon)
Missiles
 d - 13 bolts (quivered)
Armour
 e - a +0 robe (worn)
Jewellery
 b - a cursed -2 ring of dexterity (left hand)
 c - an uncursed amulet of guardian spirit {unknown}
Scrolls
 h - a scroll of fear {unknown}
Potions
 g - a potion of resistance {unknown}
Comestibles
 f - 2 rations


   Skills:
 + Level 1.0 Fighting
 + Level 2.3 Crossbows
 + Level 1.8 Dodging
 + Level 1.0 Spellcasting
 + Level 3.4 Hexes


You had 2 spell levels left.
You knew the following spells:

 Your Spells              Type           Power        Failure   Level  Hunger
a - Corona                Hex            ##.....      6%          1    ##.....

Your spell library contained the following spells:

 Spells                   Type           Power        Failure   Level  Hunger
 Slow                     Hex            ##......     10%         2    ###....
 Inner Flame              Hex/Fire       #.......     36%         3    ####...
 Portal Projectile        Hex/Tloc       #.....       36%         3    ####...
 Cause Fear               Hex            ##........   54%         4    #####..
 Leda's Liquefaction      Hex/Erth       #.........   78%         4    #####..


Dungeon Overview and Level Annotations

Branches:
Dungeon (1/15)

Altars:


Innate Abilities, Weirdness & Mutations

When seriously injured, your bleeding wounds create armour. (AC +0)


Message History

A giant cockroach comes into view.
Firing (i - inventory)
d - 13 bolts (quivered)
Press: ? - help, Shift-Dir - straight line, f - giant cockroach
Aim: a giant cockroach (clinging, hasn't noticed you)
You shoot a bolt.
The bolt closely misses the giant cockroach.
A giant cockroach is nearby!
Firing (i - inventory)
d - 12 bolts (quivered)
Press: ? - help, Shift-Dir - straight line, f/p - giant cockroach
Aim: a giant cockroach (clinging)
You shoot a bolt. The bolt hits the giant cockroach.
You kill the giant cockroach!
d - 12 bolts (gained 1) Key pressed, stopping explore.
No target in view!
No target in view!
You see here a mace.
d - 13 bolts (gained 1)
A hobgoblin comes into view.
Are you sure you want to abandon this character and quit the game? (Confirm with "yes".)

.####.#..#.# ....## ##.[.## .#
#.#....# #.....###..... .#
#.###..#####......##.#... .#
#..............##......## .#
#####..#####...#........## .#
##..# ##.......⌠......#
.#######...###...............#
..
.......)..........>.....<.∩..#
..
...........#####@............#
.. †########.##
##.##..⌠......##.. .# #.#
#.##........#.... .# #.#
g###.....†##.... .# #.#
#..............# .##### #.#
#########.###..#. )....## #.#
#........ ###>..###.#
#........ ##.....##.#
#........


You could see a hobgoblin (sleeping).

Vanquished Creatures
  An ooze (D:1)
  A dart slug (D:1)
  A giant cockroach (D:1)
  3 goblins (D:1)
  A kobold (D:1)
  2 bats (D:1)
  A rat (D:1)
10 creatures vanquished.

Notes
Turn   | Place    | Note
-------+----------+-------------------------------------------
     0 | D:1      | Iscandelvey the Demonspawn Arcane Marksman began the quest
                  | for the Orb.
     0 | D:1      | Reached XP level 1. HP: 15/15 MP: 2/2
    86 | D:1      | Gained mutation: When seriously injured, your bleeding
                  | wounds create armour. (AC +0) [demonic ancestry]
    86 | D:1      | Reached XP level 2. HP: 21/21 MP: 3/3
   205 | D:1      | Quit the game

Skill      XL: |  1 |
---------------+----+-----
Crossbows      | 2 |  2.3
Fighting       | |  1.0
Dodging        | |  1.8
Spellcasting   | |  1.0
Hexes          | |  3.4

Action                   || total
-------------------------++-------
 Fire: Hand crossbow     ||    23
Armor: Robe              ||     3
Dodge: Dodged            ||     2
